 Dungeon Crawl Stone Soup version 0.26-a0-28-gc929df5 (webtiles) character file.

Game seed: 18104669518557743015, levelgen mode: deterministic

9370 thirtiethelement the Destroyer (level 11, -23/81 HPs)
             Began as a Gnoll Conjurer on May 28, 2020.
             Was a Believer of Vehumet.
             Annihilated by a white ugly thing (34 damage)
             ... on level 11 of the Dungeon.
             The game lasted 00:44:16 (13829 turns).

thirtiethelement the Destroyer (Gnoll Conjurer)    Turns: 13829, Time: 00:44:16

Health: -23/81     AC:  9    Str: 13    XL:     11   Next: 45%
Magic:  3/7        EV: 16    Int: 23    God:    Vehumet [**....]
Gold:   1724       SH:  5    Dex: 11    Spells: 1/26 levels left

rFire    . . .     SeeInvis .   w - +9 long sword of Hospitality {antimagic, rElec rN+ Str+2 Int+3}
rCold    . . .     Gourm    .   s - +0 buckler (curse)
rNeg     + . .     Faith    .   m - +2 robe of Instinct {MR+ Dex-5 Slay+5}
rPois    .         Spirit   .   e - +2 helmet
rElec    +         Reflect  .   o - +0 cloak
rCorr    .         Harm     .   (no gloves)
MR       +....                  (no boots)
Stlth    +++.......             (no amulet)
HPRegen  0.23/turn              C - ring of wizardry
MPRegen  0.10/turn              (no ring)

@: no status effects
A: distributed training, fangs 1, strong nose
a: Renounce Religion


You were on level 11 of the Dungeon.
You worshipped Vehumet.
Vehumet was pleased with you.
You were not hungry.

You visited 2 branches of the dungeon, and saw 12 of its levels.

You collected 1724 gold pieces.

Inventory:

Hand Weapons
 w - the +9 long sword of Hospitality (weapon) {antimagic, rElec rN+ Str+2 Int+3}
   (You found it on level 11 of the Dungeon)

   It reduces the magical energy of the wielder, and disrupts the spells and
   magical abilities of those hit.
   Natural abilities and divine invocations are not affected.
   It affects your strength (+2).
   It affects your intelligence (+3).
   It insulates you from electricity.
   It protects you from negative energy.
 x - a +4 long sword of flaming
Missiles
 i - 6 throwing nets
 p - 26 boomerangs (quivered)
Armour
 e - a +2 helmet (worn)
 m - the +2 robe of Instinct (worn) {MR+ Dex-5 Slay+5}
   (You found it on level 6 of the Dungeon)

   It affects your dexterity (-5).
   It affects your accuracy and damage with ranged weapons and melee attacks
   (+5).
   It affects your resistance to hostile enchantments.
 o - a +0 cloak (worn)
 q - a +0 leather armour
 s - a cursed +0 buckler (worn)
Jewellery
 C - a ring of wizardry (left hand)
Wands
 d - a wand of paralysis (15)
 v - a wand of clouds (20)
Scrolls
 b - a scroll of acquirement
 f - 3 scrolls of blinking
 h - 2 scrolls of fear
 k - 6 scrolls of teleportation
 n - 3 scrolls of remove curse
 r - a scroll of amnesia
 u - a scroll of magic mapping
 y - 2 scrolls of identify
Potions
 a - 2 potions of curing
 g - a potion of stabbing
 j - 3 potions of cancellation
 l - a potion of brilliance {unknown}
 t - a potion of haste {unknown}
 z - a potion of mutation {unknown}
 A - a potion of magic {unknown}
 B - 3 potions of flight {unknown}
Comestibles
 c - 22 rations
 D - 12 chunks of flesh


   Skills:
 + Level 6.2 Fighting
 + Level 6.2 Short Blades
 + Level 6.2 Long Blades
 + Level 6.2 Axes
 + Level 6.2 Maces & Flails
 + Level 6.2 Polearms
 + Level 6.2 Staves
 + Level 6.2 Slings
 + Level 6.2 Bows
 + Level 6.2 Crossbows
 + Level 6.2 Throwing
 + Level 6.2 Armour
 + Level 7.8 Dodging
 + Level 7.5 Stealth
 + Level 6.2 Shields
 + Level 6.2 Unarmed Combat
 + Level 8.0 Spellcasting
 + Level 8.9 Conjurations
 + Level 5.1 Hexes
 + Level 5.1 Charms
 + Level 5.1 Summonings
 + Level 5.1 Necromancy
 + Level 5.1 Translocations
 + Level 5.1 Transmutations
 + Level 5.1 Fire Magic
 + Level 5.1 Ice Magic
 + Level 5.1 Air Magic
 + Level 5.1 Earth Magic
 + Level 5.1 Poison Magic
 + Level 6.8 Invocations
 + Level 6.2 Evocations


You had one spell level left.
You knew the following spells:

 Your Spells              Type           Power        Failure   Level  Hunger
a - Magic Dart            Conj           ####         1%          1    None
b - Searing Ray           Conj           ######       1%          2    None
c - Dazzling Flash        Conj/Hex       #####.       1%          3    None
d - Corona                Hex            ####...      1%          1    None
e - Tukima's Dance        Hex            ####....     1%          3    None
f - Iskenderun's Mystic   Conj/Tloc      #####...     1%          4    ###....
g - Fulminant Prism       Conj/Hex       #####.....   1%          4    ###....
h - Frozen Ramparts       Ice            ####..       1%          3    None
i - Mephitic Cloud        Conj/Pois/Air  #####...     1%          3    None
j - Sandblast             Erth           ####..       1%          1    None

Your spell library contained the following spells:

 Spells                   Type           Power        Failure   Level  Hunger
 Stone Arrow              Conj/Erth      #####.       1%          3    None
 Blink                    Tloc           N/A          1%          2    None
 Call Imp                 Summ           ####....     1%          2    None
 Corpse Rot               Necr/Air       N/A          1%          2    None
 Ensorcelled Hibernation  Hex/Ice        ####..       1%          2    None
 Slow                     Hex            ####....     1%          2    None
 Confusing Touch          Hex            ####....     1%          3    None
 Conjure Flame            Conj/Fire      #####...     1%          3    None
 Hailstorm                Conj/Ice       #####...     1%          4    ###....
 Sticky Flame             Conj/Fire      #####...     1%          4    ###....
 Irradiate                Conj/Tmut      #####.....   4%          5    #####..
 Ozocubu's Refrigeration  Ice            ####......   43%         6    ######.
 Spellforged Servitor     Conj/Summ      #####.....   75%         7    #######


Dungeon Overview and Level Annotations

Branches:
Dungeon (11/15)            Temple (1/1) D:4            Lair (0/6) D:9
    Orc: D:9-12

Altars:
Ashenzari
Cheibriados
Dithmenos
Elyvilon
Fedhas
Gozag
Hepliaklqana
Kikubaaqudgha
Makhleb
Nemelex Xobeh
Okawaru
Qazlal
Ru
Sif Muna
Trog
Uskayaw
Vehumet
Wu Jian
Xom
Yredelemnul
Zin
The Shining One


Innate Abilities, Weirdness & Mutations

Your experience applies equally to all skills.
You have very sharp teeth.
Your uncanny sense of smell can sniff out nearby items.


Message History

Okay, then.
You slash the white ugly thing!
The white ugly thing is moderately wounded.
You block the white ugly thing's attack.
You closely miss the white ugly thing.
The white ugly thing is moderately wounded.
The white ugly thing kicks you! The white ugly thing freezes you!
You closely miss the white ugly thing.
The white ugly thing is moderately wounded.
The white ugly thing closely misses you.
You barely miss the white ugly thing.
The white ugly thing is moderately wounded.
The white ugly thing kicks you! The white ugly thing freezes you!!
* * * LOW HITPOINT WARNING * * *
An orc priest comes into view. It is wielding a +0 club.
An orc wizard comes into view. It is wielding a +0 dagger.
The white ugly thing kicks you!
* * * LOW HITPOINT WARNING * * *
The white ugly thing freezes you!!
You die...

....u.##u##### #8.8##......#
......##.....## ####...##.....#
......#####...# #.#..)####....#
......# #...# ##....†...##....
......# #...# #(....))..###..#
..#.#.. #...####.....).))).##<#
....#.# #...#.#......).)÷[#.#.#
........###...##..####...).÷)...#
#..o.....u@## ############
#.###...#### #####


You could see a white ugly thing and an orc wizard.

Vanquished Creatures
  A manticore (D:10)
  Joseph (D:7)
  A gargoyle (D:10)
  A troll (D:9)
  A wraith (D:10)
  10 yaks
  A soldier ant (D:10)
  An acid dragon (D:10)
  2 porcupines (D:9)
  5 orc warriors
  2 sky beasts
  5 ice beasts
  3 phantoms
  A black bear (D:6)
  9 centaurs
  A necrophage (D:10)
  6 ogres
  A crocodile (D:10)
  8 bullfrogs
  4 scorpions
  A water moccasin skeleton (D:7)
  5 killer bees (D:10)
  3 howler monkeys (D:10)
  3 crimson imps
  A bullfrog zombie (D:8)
  4 bullfrog skeletons
  11 hounds
  2 jellies (D:10)
  4 orc priests
  A centaur skeleton (D:6)
  2 gnoll shamans
  6 orc wizards
  6 iguanas
  6 worker ants
  A hound zombie (D:8)
  2 hound skeletons
  2 worker ant zombies
  13 gnolls
  10 adders
  A shadow imp (D:7)
  An ooze (D:2)
  An adder skeleton (D:6)
  2 dart slugs
  4 leopard geckos
  53 orcs
  5 giant cockroaches
  20 goblins
  20 hobgoblins
  10 jackals
  10 kobolds
  5 quokkas
  A ball python (D:6)
  3 bats
  5 frilled lizards
  7 rats
  A spectral orc (D:5)
296 creatures vanquished.

Vanquished Creatures (collateral kills)
  A two-headed ogre (D:7)
1 creature vanquished.

Vanquished Creatures (others)
  10 fulminant prisms
10 creatures vanquished.

Grand Total: 307 creatures vanquished

Notes
Turn   | Place    | Note
-------+----------+-------------------------------------------
     0 | D:1      | thirtiethelement the Gnoll Conjurer began the quest for the
                  | Orb.
     0 | D:1      | Reached XP level 1. HP: 13/13 MP: 6/6
   161 | D:1      | Reached XP level 2. HP: 19/19 MP: 3/7
   866 | D:1      | Reached XP level 3. HP: 25/25 MP: 6/9
  1344 | D:2      | Reached skill level 5 in Spellcasting
  1351 | D:2      | Learned a level 2 spell: Searing Ray
  1355 | D:2      | Learned a level 3 spell: Dazzling Flash
  1573 | D:2      | Reached skill level 1 in Invocations
  2076 | D:2      | Reached skill level 1 in Fighting
  2076 | D:2      | Reached skill level 1 in Short Blades
  2076 | D:2      | Reached skill level 1 in Long Blades
  2076 | D:2      | Reached skill level 1 in Axes
  2076 | D:2      | Reached skill level 1 in Maces & Flails
  2076 | D:2      | Reached skill level 1 in Polearms
  2076 | D:2      | Reached skill level 1 in Staves
  2076 | D:2      | Reached skill level 1 in Slings
  2076 | D:2      | Reached skill level 1 in Bows
  2076 | D:2      | Reached skill level 1 in Crossbows
  2076 | D:2      | Reached skill level 1 in Throwing
  2076 | D:2      | Reached skill level 1 in Armour
  2076 | D:2      | Reached skill level 1 in Shields
  2076 | D:2      | Reached skill level 1 in Unarmed Combat
  2076 | D:2      | Reached skill level 1 in Evocations
  2076 | D:2      | Reached XP level 4. HP: 32/32 MP: 6/11
  2465 | D:3      | Reached skill level 1 in Hexes
  2465 | D:3      | Reached skill level 1 in Charms
  2465 | D:3      | Reached skill level 1 in Summonings
  2465 | D:3      | Reached skill level 1 in Necromancy
  2465 | D:3      | Reached skill level 1 in Translocations
  2465 | D:3      | Reached skill level 1 in Transmutations
  2465 | D:3      | Reached skill level 1 in Fire Magic
  2465 | D:3      | Reached skill level 1 in Ice Magic
  2465 | D:3      | Reached skill level 1 in Air Magic
  2465 | D:3      | Reached skill level 1 in Earth Magic
  2465 | D:3      | Reached skill level 1 in Poison Magic
  2757 | D:3      | Noticed a centaur
  2758 | D:3      | Reached XP level 5. HP: 37/37 MP: 8/12
  2765 | D:3      | Killed a centaur
  3131 | D:3      | Reached XP level 6. HP: 39/44 MP: 6/13
  3326 | D:4      | Reached skill level 5 in Dodging
  3406 | D:4      | Found a staircase to the Ecumenical Temple.
  3477 | D:4      | Learned a level 1 spell: Corona
  3481 | D:4      | Learned a level 3 spell: Tukima's Dance
  3546 | D:4      | Found a snail-covered altar of Cheibriados.
  4138 | D:4      | Learned a level 4 spell: Iskenderun's Mystic Blast
  4787 | Temple   | Entered the Ecumenical Temple
  4910 | D:5      | Entered Level 5 of the Dungeon
  4913 | D:5      | Noticed a phantom
  4932 | D:5      | Killed a phantom
  4932 | D:5      | Reached XP level 7. HP: 50/50 MP: 0/15
  5214 | D:5      | Found an ornate altar of the Wu Jian Council.
  5214 | D:5      | Found a shimmering altar of Xom.
  5306 | D:5      | Reached skill level 5 in Stealth
  5421 | D:5      | Found a stormy altar of Qazlal.
  5439 | D:5      | Reached XP level 8. HP: 48/57 MP: 4/16
  5582 | D:5      | You fall into a shaft and drop 3 floors!
  5729 | D:7      | Noticed Joseph
  6910 | D:5      | Found a basalt altar of Yredelemnul.
  7362 | D:5      | Reached XP level 9. HP: 65/65 MP: 13/18
  7508 | D:6      | Identified the +2 robe of Instinct {MR+ Dex-5 Slay+5} (You
                  | found it on level 6 of the Dungeon)
  7572 | D:6      | Found a shimmering blue altar of Sif Muna.
  8063 | D:6      | Identified 3 scrolls of acquirement
  8065 | D:6      | Got the Disquisition on Harmful Dark Magic
  8071 | D:6      | Learned a level 4 spell: Fulminant Prism
  8136 | D:6      | Found a sacrificial altar of Ru.
  8691 | Temple   | Became a worshipper of Vehumet
  8964 | D:7      | Killed Joseph
  9115 | D:7      | Reached skill level 5 in Invocations
  9144 | D:7      | Noticed a two-headed ogre
  9156 | D:7      | Killed a two-headed ogre
  9156 | D:7      | Reached XP level 10. HP: 52/73 MP: 11/20
  9632 | D:7      | Reached skill level 5 in Fighting
  9632 | D:7      | Reached skill level 5 in Short Blades
  9632 | D:7      | Reached skill level 5 in Long Blades
  9632 | D:7      | Reached skill level 5 in Axes
  9632 | D:7      | Reached skill level 5 in Maces & Flails
  9632 | D:7      | Reached skill level 5 in Polearms
  9632 | D:7      | Reached skill level 5 in Staves
  9632 | D:7      | Reached skill level 5 in Slings
  9632 | D:7      | Reached skill level 5 in Bows
  9632 | D:7      | Reached skill level 5 in Crossbows
  9632 | D:7      | Reached skill level 5 in Throwing
  9632 | D:7      | Reached skill level 5 in Armour
  9632 | D:7      | Reached skill level 5 in Shields
  9632 | D:7      | Reached skill level 5 in Unarmed Combat
  9632 | D:7      | Reached skill level 5 in Evocations
  9737 | D:7      | Found a stormy altar of Qazlal.
 10062 | D:8      | Got the Compendium of Freezing Combat Magic
 10067 | D:8      | Learned a level 3 spell: Frozen Ramparts
 10110 | D:8      | Reached * piety under Vehumet
 10110 | D:8      | Offered knowledge of Foxfire by Vehumet.
 11182 | D:9      | Learned a level 3 spell: Mephitic Cloud
 11427 | D:9      | Found a staircase to the Lair.
 11619 | D:9      | Found a hazy altar of Hepliaklqana.
 11619 | D:9      | Found an ancient bone altar of Kikubaaqudgha.
 11736 | D:9      | Offered knowledge of Sandblast by Vehumet.
 11818 | D:10     | Entered Level 10 of the Dungeon
 11856 | D:10     | Reached ** piety under Vehumet
 11856 | D:10     | Reached XP level 11. HP: 81/81 MP: 22/22
 11874 | D:10     | Learned a level 1 spell: Sandblast
 12375 | D:10     | Noticed a manticore
 12380 | D:10     | Killed a manticore
 12774 | D:10     | Reached skill level 5 in Hexes
 12774 | D:10     | Reached skill level 5 in Charms
 12774 | D:10     | Reached skill level 5 in Summonings
 12774 | D:10     | Reached skill level 5 in Necromancy
 12774 | D:10     | Reached skill level 5 in Translocations
 12774 | D:10     | Reached skill level 5 in Transmutations
 12774 | D:10     | Reached skill level 5 in Fire Magic
 12774 | D:10     | Reached skill level 5 in Ice Magic
 12774 | D:10     | Reached skill level 5 in Air Magic
 12774 | D:10     | Reached skill level 5 in Earth Magic
 12774 | D:10     | Reached skill level 5 in Poison Magic
 12919 | D:10     | Found a sparkling altar of Nemelex Xobeh.
 13737 | D:11     | Offered knowledge of Stone Arrow by Vehumet.
 13761 | D:11     | Identified the +9 long sword of Hospitality {antimagic,
                  | rElec rN+ Str+2 Int+3} (You found it on level 11 of the
                  | Dungeon)
 13805 | D:11     | Noticed a white ugly thing
 13829 | D:11     | Annihilated by a white ugly thing

Illustrated notes

Levels and vault maps discovered:
D:1:      dpeg_arrival_fog, layout_basic, minmay_misc_feat_iff,
          minmay_pentomino_o2
D:2:      layout_loops_corners
D:3:      layout_basic
D:4:      corexii_shantytown, layout_loops_ring, minmay_temple_entry_offerings,
          first_ration, cheibriados_altar_1
D:5:      corexii_shack_village, layout_basic, amethyst_overflow_temple_binary,
          yredelemnul_forgotten_temple_becter, grunt_ministairs_6,
          minmay_misc_feat_rows, nicolae_qazlal_eye_of_the_storm
D:6:      layout_loops_cross, kennysheep_little_box, old_standard_altar
D:7:      layout_rooms, marbit_many_paths, grunt_ogre_cave, eino_tiny_chamber,
          uniq_joseph
D:8:      layout_loops_cross
D:9:      wad_woods_settlement, layout_irregular_city,
          gammafunk_temple_overflow_pools, lair_entry_dummy
D:10:     minmay_bubble_buster, layout_basic, basic_altar
D:11:     layout_basic, hiddenorc1_lemuel, enter_trove_3
Temple:   jpeg_temple_clearing

Skill      XL: |  1  2  3  4  5  6  7  8  9 10 11 |
---------------+----------------------------------+-----
Spellcasting   | 5 6 7 8 |  8.0
Invocations    | 1 2 3 4 5 6 |  6.8
Fighting       | 1 2 3 4 5 6 |  6.2
Short Blades   | 1 2 3 4 5 6 |  6.2
Long Blades    | 1 2 3 4 5 6 |  6.2
Axes           | 1 2 3 4 5 6 |  6.2
Maces & Flails | 1 2 3 4 5 6 |  6.2
Polearms       | 1 2 3 4 5 6 |  6.2
Staves         | 1 2 3 4 5 6 |  6.2
Slings         | 1 2 3 4 5 6 |  6.2
Bows           | 1 2 3 4 5 6 |  6.2
Crossbows      | 1 2 3 4 5 6 |  6.2
Throwing       | 1 2 3 4 5 6 |  6.2
Armour         | 1 2 3 4 5 6 |  6.2
Shields        | 1 2 3 4 5 6 |  6.2
Unarmed Combat | 1 2 3 4 5 6 |  6.2
Evocations     | 1 2 3 4 5 6 |  6.2
Hexes          | 1 2 3 4 5 |  5.1
Charms         | 1 2 3 4 5 |  5.1
Summonings     | 1 2 3 4 5 |  5.1
Necromancy     | 1 2 3 4 5 |  5.1
Translocations | 1 2 3 4 5 |  5.1
Transmutations | 1 2 3 4 5 |  5.1
Fire Magic     | 1 2 3 4 5 |  5.1
Ice Magic      | 1 2 3 4 5 |  5.1
Air Magic      | 1 2 3 4 5 |  5.1
Earth Magic    | 1 2 3 4 5 |  5.1
Poison Magic   | 1 2 3 4 5 |  5.1
Dodging        | 5 6 7 |  7.8
Stealth        | 5 6 7 |  7.5
Conjurations   | 8 |  8.9

Action                   |  1- 3 |  4- 6 |  7- 9 | 10-12 || total
-------------------------+-------+-------+-------+-------++-------
Melee: Dagger            |       |    13 |    40 |       ||    53
       Bite              |       |     2 |     8 |     9 ||    19
       Long sword        |       |       |    32 |    64 ||    96
Throw: Boomerang         |       |       |    18 |    54 ||    72
 Cast: Magic Dart        |    61 |   131 |   146 |    88 ||   426
       Searing Ray       |       |     4 |    30 |    36 ||    70
       Iskenderun's Myst |       |       |     3 |       ||     3
       Tukima's Dance    |       |       |     3 |       ||     3
       Fulminant Prism   |       |       |       |    10 ||    10
       Dazzling Flash    |       |       |       |     2 ||     2
       Mephitic Cloud    |       |       |       |     6 ||     6
       Frozen Ramparts   |       |       |       |     4 ||     4
       Corona            |       |       |       |     2 ||     2
Evoke: Wand              |       |       |       |     1 ||     1
  Use: Scroll            |     6 |     9 |     8 |     8 ||    31
       Potion            |       |       |     1 |       ||     1
 Stab: Distracted        |       |     1 |       |       ||     1
       Sleeping          |       |       |     5 |     2 ||     7
       Confused          |       |       |       |     1 ||     1
  Eat: Chunk             |     3 |     8 |    11 |    14 ||    36
       Ration            |       |       |     1 |     1 ||     2
Armor: Robe              |     2 |     3 |    10 |    17 ||    32
       Leather armour    |       |       |    18 |       ||    18
Dodge: Dodged            |     1 |    29 |   102 |    71 ||   203
Block: Buckler           |       |     4 |    36 |    19 ||    59
       Rpst.: Long sword |       |       |     4 |    16 ||    20

Table legend:
 A = Non-vault XP
 B = Vault XP
 C = Vault XP percentage of total XP
 D = Non-vault monster count
 E = Vault monster count
 F = Vault count percentage of total count
                 A         B        C        D         E       F
            +---------+---------+-------+---------+---------+-------
      Total |   10059 |    3328 |  24.9 |     214 |      83 |  27.9
            +---------+---------+-------+---------+---------+-------
        D:1 |      34 |       3 |   8.1 |      21 |       2 |   8.7
        D:2 |      92 |       0 |   0.0 |      13 |       0 |   0.0
        D:3 |     251 |       0 |   0.0 |      20 |       0 |   0.0
        D:4 |     124 |     112 |  47.5 |       6 |      31 |  83.8
        D:5 |    1059 |     156 |  12.8 |      27 |      15 |  35.7
        D:6 |    1163 |       0 |   0.0 |      34 |       0 |   0.0
        D:7 |    1863 |     599 |  24.3 |      20 |       2 |   9.1
        D:8 |    2135 |       0 |   0.0 |      30 |       0 |   0.0
        D:9 |     568 |     914 |  61.7 |      10 |       6 |  37.5
       D:10 |    2770 |    1320 |  32.3 |      33 |      10 |  23.3
       D:11 |       0 |     224 | 100.0 |       0 |      17 | 100.0
            +---------+---------+-------+---------+---------+-------
